 Dungeon Crawl Stone Soup version 0.29.1-1-gd02db69 (webtiles) character file.

Game seed: 13148986976758301156

191 Dorkslayer the Shield-Bearer (level 5, -1/33 HPs)
             Began as a Gargoyle Fighter on Oct 26, 2022.
             Slain by an orc wizard
             ... wielding a +0 dagger
              (2 damage)
             ... on level 3 of the Dungeon.
             The game lasted 00:06:30 (2955 turns).

Dorkslayer the Shield-Bearer (Gargoyle Fighter)     Turns: 2955, Time: 00:06:30

Health: -1/33      AC: 13    Str: 20    XL:     5   Next: 70%
Magic:  5/5        EV:  9    Int: 14    God:
Gold:   105        SH:  4    Dex: 11    Spells: 4/4 levels left

rFire   . . .      SeeInvis .   a - +0 long sword (vorpal)
rCold   . . .      Faith    .   c - +0 buckler
rNeg    + . .      Spirit   .   b - +0 scale mail
rPois   ∞          Reflect  .   j - +0 helmet
rElec   +          Harm     .   p - +0 cloak
rCorr   .          Rampage  .   (no gloves)
Will    .....                   (no boots)
Stlth   ..........              (no amulet)
HPRegen 0.11/turn               d - +6 ring of intelligence
MPRegen 0.09/turn               (no ring)

@: flying
A: sickness immunity, AC +4, negative energy resistance 1, electricity
resistance, torment resistance 1, petrification resistance
a: no special abilities


You were on level 3 of the Dungeon.
You visited 1 branch of the dungeon, and saw 3 of its levels.

You collected 105 gold pieces.

Inventory:

Hand Weapons
 a - a +0 vorpal long sword (weapon)
Armour
 b - a +0 scale mail (worn)
 c - a +0 buckler (worn)
 j - a +0 helmet (worn)
 p - a +0 cloak (worn)
Jewellery
 d - a +6 ring of intelligence (left hand)
Scrolls
 i - a scroll of amnesia


   Skills:
 + Level 3.7 Fighting
 + Level 3.6 Long Blades
 + Level 3.8 Armour
 * Level 1.5 Dodging
 + Level 0.4 Stealth
 + Level 4.0 Shields


You had 4 spell levels left.
You didn't know any spells.
Your spell library contained the following spells:

 Spells                   Type           Power      Damage    Failure   Level
 Ozocubu's Armour         Ice            0%         N/A       97%         3
 Stone Arrow              Conj/Erth      0%         3d7       97%         3
 Animate Armour           Summ/Erth      0%         N/A       100%        4
 Metabolic Englaciation   Hex/Ice        0%         N/A       100%        5
 Simulacrum               Ice/Necr       0%         N/A       100%        6
 Lehudib's Crystal Spear  Conj/Erth      0%         10d2      100%        8


Dungeon Overview and Level Annotations

Branches:
Dungeon (3/15)

Altars:
Zin


Innate Abilities, Weirdness & Mutations

You are immune to sickness and miasma.
Your stone body is resilient. (AC +4)
You are immune to poison.
You resist negative energy. (rN+)
You are resistant to electric shocks. (rElec)
You are resistant to unholy torment.
You are immune to petrification.


Message History

You hit the adder.
You kill the adder!
You block the goblin's attack.
Your Shields skill increases to level 4!
You hit the orc.
The orc is lightly wounded.
The goblin hits you with a +0 club.
* * * LOW HITPOINT WARNING * * *
Something hits you but does no damage. The orc hits you but does no damage.
You barely miss the orc.
The orc is lightly wounded.
The goblin barely misses you. Something completely misses you.
The orc hits you but does no damage.
You hit the orc but do no damage.
The orc is lightly wounded.
You block the goblin's attack. Something hits you.
* * * LOW HITPOINT WARNING * * *
The orc completely misses you. The goblin barely misses you.
You barely miss the orc.
The orc is lightly wounded.
The orc barely misses you. Something hits you.
* * * LOW HITPOINT WARNING * * *
The goblin closely misses you.
You hit the orc but do no damage.
The orc is lightly wounded.
The orc hits you but does no damage. Something hits you but does no damage.
The goblin hits you but does no damage. Something hits you but does no damage.
The orc hits you but does no damage.
It was a potion of flight.
You feel very buoyant.
You fly up into the air.
The goblin hits you but does no damage.
An orc comes into view. It is wielding a +0 hand axe.
Something hits you but does no damage. The orc hits you but does no damage.
Okay, then.
As you read the scroll labelled WIYC VYRYSS, it crumbles to dust.
It is a scroll of brand weapon.
Your +0 long sword emits a brilliant flash of light!
a - a +0 vorpal long sword (weapon)
The goblin closely misses you. Something hits you.
You die...

#.......
##.>..○○...#
#####.##
.!○.°.°○...###
#.##
.○.°..○.○.....##
#..#
.....°.○.°....○#
###.#
.......°○....°
#....
............
####.##
...°°°.°○.#
#....##
../...°o@#
####...
.......g{#
###.#.
........o#
#.....
#.....#.o#
#.....
########°).#
#.....
#.....○.#.#
#.....
#.......#.#
#..... #......(#
8 #.....
#.......# ..
##.....


You could see 3 orcs and a goblin.

Vanquished Creatures
  2 orc priests (D:3)
  Robin (D:2)
  2 adders (D:3)
  4 dart slugs
  3 orcs (D:3)
  5 endoplasms
  7 giant cockroaches
  12 goblins
  8 hobgoblins
  7 jackals (D:1)
  2 quokkas
  6 ball pythons
  9 bats
  2 frilled lizards (D:2)
  6 kobolds
  6 rats
  A bush (D:2)
83 creatures vanquished.

Vanquished Creatures (others)
  7 plants (D:2)
7 creatures vanquished.

Grand Total: 90 creatures vanquished

Notes
Turn   | Place    | Note
-------+----------+-------------------------------------------
     0 | D:1      | Dorkslayer the Gargoyle Fighter began the quest for the
                  | Orb.
     0 | D:1      | Reached XP level 1. HP: 14/14 MP: 1/1
   165 | D:1      | Reached XP level 2. HP: 14/19 MP: 2/2
   699 | D:1      | Reached XP level 3. HP: 23/23 MP: 3/3
   971 | D:1      | Reached skill level 1 in Dodging
  1397 | D:2      | Noticed Robin
  1404 | D:2      | Reached XP level 4. HP: 25/28 MP: 4/4
  1465 | D:2      | Killed Robin
  2595 | D:3      | Reached XP level 5. HP: 23/33 MP: 5/5
  2659 | D:3      | Found a glowing silver altar of Zin.
  2786 | D:3      | Found a faded altar of an unknown god.
  2949 | D:3      | Reached skill level 4 in Shields
  2952 | D:3      | HP: 1/33 [something (3)]
  2955 | D:3      | Slain by an orc wizard

Illustrated notes

Levels and vault maps discovered:
D:1:      dpeg_arrival_circle_labyrinth_a, layout_basic
D:2:      layout_loops_corners, serial_forest, infiniplex_forest_clump_small,
          infiniplex_forest_end_2, infiniplex_forest_3_way,
          infiniplex_forest_lined_corner, infiniplex_forest_lined_3,
          infiniplex_forest_clump_small, infiniplex_forest_lined_ring,
          infiniplex_forest_pool, infiniplex_forest_lined_1, uniq_robin
D:3:      layout_rooms, zin_treasury, ebering_ecumenical_altar_abandoned,
          grunt_ministairs_11

Skill      XL: |  1  2  3  4  5 |
---------------+----------------+-----
Long Blades    | 2 3 |  3.6
Dodging        | 1 |  1.5
Shields        | 4 |  4.0
Fighting       | |  3.7
Armour         | |  3.8
Stealth        | |  0.4

Action                   |  1- 3 |  4- 6 || total
-------------------------+-------+-------++-------
Melee: Long sword        |   157 |   191 ||   348
Throw: Javelin           |       |     3 ||     3
  Use: Scroll            |       |     8 ||     8
       Potion            |       |     4 ||     4
Armor: Scale mail        |    92 |   113 ||   205
Dodge: Dodged            |    99 |    69 ||   168
Block: Buckler           |    32 |    33 ||    65
